A+ EAST
AUBURN DOUBLEDAYS @ GREENSBORO GRASSHOPPERS
07/18/2041
 
TOP OF THE 1ST
Auburn Doubledays batting - Pitching for Greensboro Grasshoppers : LHP Ben Hannah
Pitching: LHP Ben Hannah
Batting: RHB Oscar Burton 0-0: Ground out 6-3 (Groundball, 6S, EV 89.4 MPH)
Batting: RHB Alex Levington 0-0: Ball
1-0: Ball
2-0: Fly out, F8 (Line Drive, 8RM, EV 90.6 MPH)
Batting: LHB Monte Moore 0-0: Foul Ball, location: 2F
0-1: Ball
1-1: Called Strike
1-2: Strikes out swinging
Top of the 1st over - 0 runs, 0 hits, 0 errors, 0 left on base; Auburn 0 - Greensboro 0
BOTTOM OF THE 1ST
Greensboro Grasshoppers batting - Pitching for Auburn Doubledays : LHP Chris Flowers
Pitching: LHP Chris Flowers
Batting: RHB Wes MacMartin 0-0: Called Strike
0-1: Foul Ball, location: 7LMF
0-2: Ball
1-2: Ball
2-2: Foul Ball, location: 2F
2-2: Fly out, F7 (Flyball, 78S, EV 96.9 MPH)
Batting: RHB Derek Adams 0-0: Ball
1-0: Ball
2-0: Ball
3-0: Ground out 5-3 (Groundball, 56, EV 88.1 MPH)
Batting: LHB Ben Walker 0-0: Called Strike
0-1: Ball
1-1: Fly out, F9 (Flyball, 9LS, EV 91.3 MPH)
Bottom of the 1st over - 0 runs, 0 hits, 0 errors, 0 left on base; Auburn 0 - Greensboro 0
TOP OF THE 2ND
Auburn Doubledays batting - Pitching for Greensboro Grasshoppers : LHP Ben Hannah
Batting: RHB Thad Bunch 0-0: Foul Ball, location: 9LMF
0-1: Called Strike
0-2: Ball
1-2: Foul Ball, location: 9LSF
1-2: Strikes out swinging
Batting: LHB Charlie Upton 0-0: Ground out 4-3 (Groundball, 34, EV 88.8 MPH)
Batting: RHB Julián Martínez 0-0: Ball
1-0: DOUBLE (Line Drive, 9LS, EV 106.9 MPH)
Batting: RHB Raúl Melgareho 0-0: Ball
1-0: Foul Ball, location: 3F
1-1: Foul Ball, location: 2F
1-2: Ground out 4-3 (Groundball, 4M, EV 83.1 MPH)
Top of the 2nd over - 0 runs, 1 hit, 0 errors, 1 left on base; Auburn 0 - Greensboro 0
BOTTOM OF THE 2ND
Greensboro Grasshoppers batting - Pitching for Auburn Doubledays : LHP Chris Flowers
Batting: RHB António Páez 0-0: Ball
1-0: Ball
2-0: Foul Ball, location: 2F
2-1: Ground out 5-3 (Groundball, 56S, EV 80.6 MPH)
Batting: SHB Bob Vélez 0-0: Ball
1-0: Ball
2-0: Ball
3-0: Called Strike
3-1: Fly out, F7 (Line Drive, 7, EV 92.5 MPH)
Batting: RHB Pepe Bañuelos 0-0: Called Strike
0-1: Ground out 1-3 (Groundball, 34S, EV 70.6 MPH)
Bottom of the 2nd over - 0 runs, 0 hits, 0 errors, 0 left on base; Auburn 0 - Greensboro 0
TOP OF THE 3RD
Auburn Doubledays batting - Pitching for Greensboro Grasshoppers : LHP Ben Hannah
Batting: RHB Bernie Caine 0-0: Ball
1-0: Ball
2-0: Ball
3-0: Base on Balls
Batting: RHB Alex Owens 0-0: Bunted foul
0-1: Bunt missed!
0-2: Foul Ball, location: 7LDF
0-2: Foul Ball, location: 2F
0-2: Ball
1-2: Foul Ball, location: 9LSF
1-2: Foul Ball, location: 2F
1-2: Foul Ball, location: 23F
1-2: Ball
2-2: Ball
3-2: SINGLE (Groundball, 5, EV 76.3 MPH)
Bernie Caine to second
Batting: RHB Oscar Burton 0-0: Sac Bunt to 5S - play at first, batter safe!
Bernie Caine to third
Alex Owens to second
Batting: RHB Alex Levington 0-0: Grounds into double play, 6-4-3 (Groundball, 6, EV 92.5 MPH)
Bernie Caine scores
Alex Owens to third
Batting: LHB Monte Moore 0-0: Called Strike
0-1: Ball
1-1: Called Strike
1-2: Strikes out swinging
Top of the 3rd over - 1 run, 2 hits, 0 errors, 1 left on base; Auburn 1 - Greensboro 0
BOTTOM OF THE 3RD
Greensboro Grasshoppers batting - Pitching for Auburn Doubledays : LHP Chris Flowers
Batting: RHB Kevin Bauer 0-0: Ball
1-0: Ball
2-0: Foul Ball, location: 2F
2-1: Called Strike
2-2: Ball
3-2: Fly out, F9 (Line Drive, 89M, EV 106.3 MPH)
Batting: LHB Carl Reader 0-0: Ball
1-0: Fly out, F8 (Flyball, 8LS, EV 76.9 MPH)
Batting: RHB Chris Carveth 0-0: Called Strike
0-1: Foul Ball, location: 9LMF
0-2: Ball
1-2: Fly out, F9 (Flyball, 9, EV 91.9 MPH)
Bottom of the 3rd over - 0 runs, 0 hits, 0 errors, 0 left on base; Auburn 1 - Greensboro 0
TOP OF THE 4TH
Auburn Doubledays batting - Pitching for Greensboro Grasshoppers : LHP Ben Hannah
Batting: RHB Thad Bunch 0-0: Ball
1-0: Called Strike
1-1: Foul Ball, location: 9LMF
1-2: SINGLE (Groundball, 34D, EV 95.0 MPH)
Batting: LHB Charlie Upton 0-0: Ball
1-0: Ball
2-0: Called Strike
2-1: Grounds into double play, 4-6-3 (Groundball, 4, EV 86.9 MPH)
Batting: RHB Julián Martínez 0-0: Called Strike
0-1: Foul Ball, location: 2F
0-2: Foul Ball, location: 5FF
0-2: Strikes out swinging
Top of the 4th over - 0 runs, 1 hit, 0 errors, 0 left on base; Auburn 1 - Greensboro 0
BOTTOM OF THE 4TH
Greensboro Grasshoppers batting - Pitching for Auburn Doubledays : LHP Chris Flowers
Batting: RHB Wes MacMartin 0-0: Reached on error, E4 (Groundball, 4, EV 101.3 MPH)
Batting: RHB Derek Adams 0-0: Ball
1-0: DOUBLE (Groundball, 5L, EV 103.8 MPH)
Wes MacMartin to third
Batting: LHB Ben Walker 0-0: Foul Ball, location: 25F
0-1: Ball
1-1: SINGLE (Groundball, 34D, EV 94.4 MPH)
Wes MacMartin scores
Derek Adams to third
Batting: RHB António Páez 0-0: Ground out 4-3 (Groundball, 13, EV 89.4 MPH)
Ben Walker to second
Batting: SHB Bob Vélez 0-0: Ball
1-0: Foul Ball, location: 2F
1-1: Swinging Strike
1-2: Ball
2-2: Ball
3-2: Fly out, F7 (Flyball, 7D, EV 106.3 MPH)
Runner from 3rd tags up, SCORES, throw by LF
Ben Walker to third
Batting: RHB Pepe Bañuelos 0-0: Called Strike
0-1: Fly out, F8 (Flyball, 8LM, EV 80.0 MPH)
Bottom of the 4th over - 2 runs, 2 hits, 1 error, 1 left on base; Auburn 1 - Greensboro 2
TOP OF THE 5TH
Auburn Doubledays batting - Pitching for Greensboro Grasshoppers : LHP Ben Hannah
Batting: RHB Raúl Melgareho 0-0: Called Strike
0-1: Ball
1-1: Fly out, F7 (Flyball, 7, EV 93.8 MPH)
Batting: RHB Bernie Caine 0-0: Ball
1-0: Ball
2-0: Ball
3-0: Base on Balls
Batting: RHB Alex Owens 0-0: Called Strike
0-1: Swinging Strike
0-2: Ball
1-2: Ball
2-2: Strikes out swinging
Batting: RHB Oscar Burton 0-0: Fielders Choice at 2nd, 6-4 (Groundball, 56, EV 83.8 MPH)
Top of the 5th over - 0 runs, 0 hits, 0 errors, 1 left on base; Auburn 1 - Greensboro 2
BOTTOM OF THE 5TH
Greensboro Grasshoppers batting - Pitching for Auburn Doubledays : LHP Chris Flowers
Batting: RHB Kevin Bauer 0-0: Ground out 6-3 (Groundball, P, EV 80.0 MPH)
Batting: LHB Carl Reader 0-0: Called Strike
0-1: Ball
1-1: Foul Ball, location: 9LSFF
1-2: Foul Ball, location: 2F
1-2: Ball
2-2: Ground out 3-1 (Groundball, 34S, EV 90.0 MPH)
Batting: RHB Chris Carveth 0-0: Called Strike
0-1: Fly out, F7 (Flyball, 78M, EV 76.3 MPH)
Bottom of the 5th over - 0 runs, 0 hits, 0 errors, 0 left on base; Auburn 1 - Greensboro 2
TOP OF THE 6TH
Auburn Doubledays batting - Pitching for Greensboro Grasshoppers : LHP Ben Hannah
Batting: RHB Alex Levington 0-0: Called Strike
0-1: Ball
1-1: DOUBLE (Flyball, 8RXD, EV 101.9 MPH)
Batting: LHB Monte Moore 0-0: Ball
1-0: Swinging Strike
1-1: Called Strike
1-2: Foul Ball, location: 2F
1-2: Strikes out looking
Batting: RHB Thad Bunch 0-0: Ball
1-0: Swinging Strike
1-1: Ball
2-1: Foul Ball, location: 2F
2-2: Strikes out swinging
Batting: LHB Charlie Upton 0-0: SINGLE (Line Drive, 9S, EV 90.0 MPH)
Alex Levington to third
Runner from 3rd tries for Home, SAFE, throw by RF to home
Charlie Upton to second
Batting: RHB Julián Martínez 0-0: Ball
1-0: Foul Ball, location: 2F
1-1: Ball
2-1: Ground out 4-3 (Groundball, 4, EV 97.5 MPH)
Top of the 6th over - 1 run, 2 hits, 0 errors, 1 left on base; Auburn 2 - Greensboro 2
BOTTOM OF THE 6TH
Greensboro Grasshoppers batting - Pitching for Auburn Doubledays : LHP Chris Flowers
Batting: RHB Wes MacMartin 0-0: Swinging Strike
0-1: SOLO HOME RUN (Flyball, 78XD, EV 103.8 MPH), Distance : 408 ft
Batting: RHB Derek Adams 0-0: Ball
1-0: Ball
2-0: Called Strike
2-1: Ball
3-1: Base on Balls
Batting: LHB Ben Walker 0-0: Ball
1-0: Ball
2-0: Swinging Strike
2-1: SINGLE (Line Drive, 78S, EV 85.6 MPH)
Derek Adams to second
Batting: RHB António Páez 0-0: Called Strike
0-1: Ball
1-1: Foul Ball, location: 5F
1-2: Foul Ball, location: 23F
1-2: DOUBLE (Line Drive, 89D, EV 102.5 MPH)
Derek Adams scores
Ben Walker to third
Batting: SHB Bob Vélez 0-0: Ball
1-0: Ball
2-0: Swinging Strike
2-1: Ball
3-1: Swinging Strike
3-2: Base on Balls
Batting: RHB Pepe Bañuelos 0-0: Ball
1-0: Ball
2-0: Ball
3-0: Base on Balls
Ben Walker scores
António Páez to third
Bob Vélez to second
Pitching: LHP Oscar Duffield
Batting: RHB Kevin Bauer 0-0: Called Strike
0-1: Swinging Strike
0-2: Ball
1-2: Strikes out swinging
Batting: LHB Carl Reader 0-0: Called Strike
0-1: Fly out, F8 (Flyball, 8RM, EV 96.9 MPH)
Batting: RHB Chris Carveth 0-0: Called Strike
0-1: Foul Ball, location: 7LSF
0-2: Ground out 5-3 (Groundball, 56S, EV 78.1 MPH)
Bottom of the 6th over - 3 runs, 3 hits, 0 errors, 3 left on base; Auburn 2 - Greensboro 5
TOP OF THE 7TH
Auburn Doubledays batting - Pitching for Greensboro Grasshoppers : LHP Ben Hannah
Batting: RHB Raúl Melgareho 0-0: Called Strike
0-1: Ball
1-1: Ball
2-1: Ball
3-1: Swinging Strike
3-2: Ground out 6-3 (Groundball, 6M, EV 101.3 MPH)
Batting: RHB Bernie Caine 0-0: Ball
1-0: Ball
2-0: SINGLE (Flyball, 5D, EV 93.1 MPH)
Batting: RHB Alex Owens 0-0: Ball
1-0: Foul Ball, location: 2F
1-1: Foul Ball, location: 7LMF
1-2: Ball
2-2: Strikes out looking
Batting: RHB Oscar Burton 0-0: Called Strike
0-1: Ball
1-1: Swinging Strike
1-2: Strikes out swinging, 2-3 out at first.
Top of the 7th over - 0 runs, 1 hit, 0 errors, 1 left on base; Auburn 2 - Greensboro 5
BOTTOM OF THE 7TH
Greensboro Grasshoppers batting - Pitching for Auburn Doubledays : LHP Oscar Duffield
Batting: RHB Wes MacMartin 0-0: Called Strike
0-1: Ball
1-1: Ball
2-1: Foul Ball, location: 2F
2-2: Foul Ball, location: 3FF
2-2: Ball
3-2: Base on Balls
Batting: RHB Derek Adams 0-0: Called Strike
Wes MacMartin is caught stealing 2nd base 2-4
0-1: Fly out, F5 (Line Drive, 5, EV 71.3 MPH)
Batting: LHB Ben Walker 0-0: Called Strike
0-1: Swinging Strike
0-2: Strikes out swinging
Bottom of the 7th over - 0 runs, 0 hits, 0 errors, 0 left on base; Auburn 2 - Greensboro 5
TOP OF THE 8TH
Auburn Doubledays batting - Pitching for Greensboro Grasshoppers : LHP Ben Hannah
Now in CF: Andre Vigil Jr.
Now in RF: Steve Leach
Batting: RHB Alex Levington 0-0: Ground out 5-3 (Groundball, 5L, EV 84.4 MPH)
Batting: LHB Monte Moore 0-0: Called Strike
0-1: Swinging Strike
0-2: Ball
1-2: Strikes out swinging
Batting: RHB Thad Bunch 0-0: Ball
1-0: Called Strike
1-1: Ball
2-1: Swinging Strike
2-2: Foul Ball, location: 2F
2-2: Foul Ball, location: 5F
2-2: Ball
3-2: Strikes out swinging
Top of the 8th over - 0 runs, 0 hits, 0 errors, 0 left on base; Auburn 2 - Greensboro 5
BOTTOM OF THE 8TH
Greensboro Grasshoppers batting - Pitching for Auburn Doubledays : LHP Oscar Duffield
Batting: RHB António Páez 0-0: Ball
1-0: Foul Ball, location: 2F
1-1: Swinging Strike
1-2: Ball
2-2: DOUBLE (Line Drive, 78D, EV 109.4 MPH)
Batting: SHB Bob Vélez 0-0: Ground out U3 (Groundball, 23, EV 90.0 MPH)
António Páez to third
Batting: RHB Pepe Bañuelos 0-0: Ball
1-0: Foul Ball, location: 7LDF
1-1: Ball
2-1: Ball
3-1: Base on Balls
Batting: RHB Kevin Bauer 0-0: Ball
1-0: Ball
2-0: Called Strike
2-1: Foul Ball, location: 2F
2-2: Foul Ball, location: 2F
2-2: DOUBLE (Line Drive, 9LS, EV 99.4 MPH)
António Páez scores
Pepe Bañuelos to third
Batting: LHB Carl Reader 0-0: Called Strike
0-1: Ball
1-1: Foul Ball, location: 5F
1-2: Ball
2-2: Ball
3-2: Base on Balls
Batting: RHB Chris Carveth 0-0: Called Strike
0-1: Called Strike
0-2: Ball
1-2: Strikes out swinging
Batting: LHB Andre Vigil Jr. 0-0: Called Strike
0-1: Ball
1-1: Swinging Strike
1-2: Ball
2-2: Ball
3-2: Strikes out swinging
Bottom of the 8th over - 1 run, 2 hits, 0 errors, 3 left on base; Auburn 2 - Greensboro 6
TOP OF THE 9TH
Auburn Doubledays batting - Pitching for Greensboro Grasshoppers : LHP Ben Hannah
Batting: LHB Charlie Upton 0-0: Called Strike
0-1: SINGLE (Groundball, 56D, EV 101.3 MPH)
Pitching: RHP Curt Watson
Batting: RHB Julián Martínez 0-0: Ball
1-0: Ball
2-0: SINGLE (Groundball, 4MD, EV 102.5 MPH)
Charlie Upton to second
Pitching: LHP Rod Douglas
Pinch Hitting: RHB Lou Stone 0-0: Ball
1-0: Ball
2-0: Grounds into double play, 5-4-3 (Groundball, 5, EV 95.0 MPH)
Charlie Upton to third
Batting: RHB Bernie Caine 0-0: Swinging Strike
0-1: Foul Ball, location: 9LDF
0-2: Ball
1-2: Ball
2-2: Strikes out swinging
Top of the 9th over - 0 runs, 2 hits, 0 errors, 1 left on base; Auburn 2 - Greensboro 6
Monday, April 1st , 2024 - OOTP Baseball 24.10 Build 82